General information
- name: BNet
- type: Ladder team game (AT/RT)
- host: Battle.net
- saver: DUCKTALESLOL
map: Highperch
- players: 6
- length: 181:53
- speed: Fast
- version: 1.22 W3XP
- replay type: Public
» download(648 KB)
Players
team 1 (winner)
DUCKTALESLOL (
red | 42 APM | 7563 actions | 181:53)
10 Blademaster 3 Wind Walk
3 Critical Strike
1 Bladestorm
3 Mirror Image
1 Keeper of the Grove 1 Entangling Roots
» actions
Assign group hotkey | 16 | |
Basic commands | 55 | |
Build / train | 95 | |
ESC pressed | 4 | |
Enter build submenu | 127 | |
Enter hero's abilities submenu | 11 | |
Give item / drop item | 11 | |
Right click | 5198 | |
Select / deselect | 1152 | |
Select group hotkey | 170 | |
Use ability | 722 | |
7563 total
» units
Peon | 23 | |
Wind Rider | 4 | |
Troll Batrider | 9 | |
36 total
» upgrades
Spiked Barricades | 1 | |
Envenomed Spears | 1 | |
Armor | 3 | |
Ranged Weapons | 3 | |
Liquid Fire | 1 | |
Reinforced Defenses | 1 | |
10 total
» buildings
War Mill | 2 | |
Watch Tower | 109 | |
Orc Burrow | 6 | |
Altar of Storms | 1 | |
Great Hall | 1 | |
Stronghold | 2 | |
Voodoo Lounge | 1 | |
Fortress | 2 | |
Beastiary | 3 | |
127 total
» build order
00:11 War Mill
01:26 Watch Tower
01:28 Watch Tower
01:34 Watch Tower
01:46 Watch Tower
01:52 Orc Burrow
01:56 Altar of Storms
02:16 Watch Tower
02:41 Watch Tower
03:04 Watch Tower
03:06 Watch Tower
03:09 Watch Tower
03:27 Watch Tower
03:31 Watch Tower
03:54 Watch Tower
04:11 Watch Tower
04:12 Watch Tower
04:19 Watch Tower
04:37 Watch Tower
04:42 Watch Tower
05:10 Watch Tower
05:16 Watch Tower
05:26 Orc Burrow
05:35 Watch Tower
05:49 Watch Tower
05:50 Watch Tower
05:53 Watch Tower
06:06 Watch Tower
06:42 Watch Tower
06:44 Watch Tower
06:54 Watch Tower
06:55 Watch Tower
07:07 Watch Tower
07:24 Great Hall
07:28 Watch Tower
07:40 Stronghold
07:43 Orc Burrow
08:12 Voodoo Lounge
09:27 Watch Tower
09:28 Watch Tower
09:29 Watch Tower
09:30 Watch Tower
09:32 Watch Tower
09:35 Watch Tower
10:23 Fortress
10:23 Fortress
11:00 Watch Tower
11:02 Watch Tower
11:04 Watch Tower
11:33 Beastiary
11:46 Watch Tower
12:10 Watch Tower
12:14 Watch Tower
12:15 Watch Tower
12:16 Watch Tower
12:18 Watch Tower
12:19 Watch Tower
12:19 Watch Tower
12:20 Watch Tower
12:21 Watch Tower
12:39 Beastiary
13:04 Watch Tower
13:05 Watch Tower
14:03 Orc Burrow
15:08 Watch Tower
15:17 Watch Tower
15:43 Watch Tower
16:23 Watch Tower
18:14 Watch Tower
19:45 Orc Burrow
19:47 Orc Burrow
20:54 Watch Tower
20:57 Watch Tower
21:01 Watch Tower
21:03 Watch Tower
21:04 Watch Tower
21:05 Watch Tower
23:28 Watch Tower
23:29 Watch Tower
23:29 Watch Tower
23:31 Watch Tower
23:55 Watch Tower
23:57 Watch Tower
24:36 Watch Tower
24:37 Watch Tower
24:38 Watch Tower
25:22 Beastiary
26:29 War Mill
28:01 Watch Tower
28:02 Watch Tower
28:03 Watch Tower
28:04 Watch Tower
28:06 Watch Tower
28:08 Watch Tower
28:15 Watch Tower
28:16 Watch Tower
28:26 Watch Tower
28:28 Watch Tower
28:41 Watch Tower
28:45 Watch Tower
28:49 Watch Tower
29:00 Watch Tower
29:02 Watch Tower
29:54 Watch Tower
29:58 Watch Tower
30:02 Watch Tower
30:09 Watch Tower
30:16 Watch Tower
30:46 Watch Tower
31:15 Watch Tower
31:17 Watch Tower
31:24 Watch Tower
31:25 Watch Tower
31:53 Watch Tower
32:01 Watch Tower
32:20 Watch Tower
32:49 Watch Tower
32:51 Watch Tower
33:00 Watch Tower
33:02 Watch Tower
36:54 Watch Tower
36:57 Watch Tower
37:07 Watch Tower
48:29 Watch Tower
52:08 Watch Tower
53:22 Watch Tower
» items
Healing Salve | 2 | |
Lesser Clarity Potion | 2 | |
Boots of Speed | 1 | |
Potion of Lesser Invulnerability | 14 | |
Staff of Teleportation | 2 | |
Tiny Great Hall | 2 | |
Scroll of Town Portal | 4 | |
Orb of Lightning | 1 | |
Dust of Appearance | 1 | |
Potion of Invisibility | 1 | |
30 total
kirko-acigbum (
blue | 17 APM | 3008 actions | 181:52)
4 Warden 2 Shadow Strike
2 Blink
3 Priestess of the Moon 2 Trueshot Aura
1 Scout
2 Keeper of the Grove 1 Entangling Roots
1 Force of Nature
» actions
Assign group hotkey | 59 | |
Basic commands | 144 | |
Build / train | 90 | |
Enter build submenu | 44 | |
Enter hero's abilities submenu | 10 | |
Give item / drop item | 24 | |
Right click | 1454 | |
Select / deselect | 775 | |
Select group hotkey | 187 | |
Use ability | 219 | |
3008 total
» units
Wisp | 24 | |
Druid of the Talon | 31 | |
55 total
» upgrades
Druid of the Talon Training | 2 | |
Mark of the Talon | 1 | |
Well Spring | 1 | |
4 total
» buildings
Altar of Elders | 3 | |
Moon Well | 26 | |
Ancient of Wonders | 3 | |
Tree of Ages | 2 | |
Tree of Eternity | 1 | |
Hunter's Hall | 1 | |
Tree of Life | 3 | |
Ancient of Wind | 3 | |
42 total
» build order
00:16 Altar of Elders
00:18 Moon Well
01:59 Moon Well
04:00 Ancient of Wonders
04:26 Tree of Ages
04:40 Moon Well
06:47 Tree of Eternity
07:03 Hunter's Hall
07:45 Tree of Life
08:08 Ancient of Wind
08:11 Ancient of Wind
11:18 Moon Well
11:52 Moon Well
12:01 Moon Well
13:49 Moon Well
13:50 Moon Well
14:03 Ancient of Wonders
14:26 Ancient of Wonders
25:49 Moon Well
25:51 Moon Well
25:53 Moon Well
25:57 Moon Well
26:28 Moon Well
28:07 Altar of Elders
28:36 Tree of Life
28:40 Tree of Life
29:03 Moon Well
29:35 Moon Well
30:14 Moon Well
30:33 Moon Well
30:49 Moon Well
31:16 Moon Well
31:41 Tree of Ages
31:45 Moon Well
34:05 Moon Well
34:57 Ancient of Wind
40:41 Moon Well
42:11 Moon Well
43:52 Moon Well
44:53 Moon Well
59:18 Moon Well
163:16 Altar of Elders
» items
Healing Salve | 1 | |
Scroll of Speed | 1 | |
Potion of Healing | 3 | |
Scroll of Town Portal | 4 | |
Orb of Venom | 3 | |
Staff of Preservation | 2 | |
Potion of Lesser Invulnerability | 1 | |
Staff of Teleportation | 1 | |
16 total
Lil.Timmy (
yellow | 21 APM | 3826 actions | 181:52)
3 Death Knight 2 Death Coil
1 Unholy Aura
» actions
Assign group hotkey | 6 | |
Basic commands | 6 | |
Build / train | 65 | |
Enter build submenu | 18 | |
Enter hero's abilities submenu | 3 | |
Right click | 2515 | |
Select / deselect | 940 | |
Select group hotkey | 247 | |
Use ability | 26 | |
3826 total
» units
» upgrades
Creature Attack | 3 | |
Creature Carapace | 3 | |
Stone Form | 1 | |
7 total
» buildings
Crypt | 3 | |
Ziggurat | 9 | |
Altar of Darkness | 1 | |
Graveyard | 1 | |
Halls of the Dead | 1 | |
Black Citadel | 1 | |
16 total
» build order
00:31 Crypt
00:40 Ziggurat
00:48 Altar of Darkness
02:22 Ziggurat
03:16 Graveyard
05:17 Halls of the Dead
07:45 Black Citadel
13:06 Ziggurat
13:11 Ziggurat
13:29 Crypt
21:52 Ziggurat
21:56 Ziggurat
22:00 Ziggurat
22:03 Ziggurat
22:09 Ziggurat
23:39 Crypt
» items
Potion of Healing | 1 | |
Healing Salve | 1 | |
2 total
team 2 (loser)
hippoeater (
pink | 47 APM | 7961 actions | 169:47)
7 Death Knight 3 Death Coil
3 Unholy Aura
1 Animate Dead
3 Pandaren Brewmaster 2 Breath of Fire
1 Drunken Haze
» actions
Assign group hotkey | 598 | |
Basic commands | 2 | |
Build / train | 81 | |
Enter build submenu | 26 | |
Enter hero's abilities submenu | 11 | |
Give item / drop item | 1 | |
Remove unit from queue | 12 | |
Right click | 4401 | |
Select / deselect | 1572 | |
Select group hotkey | 1109 | |
Use ability | 148 | |
7961 total
» units
Acolyte | 11 | |
Ghoul | 2 | |
Crypt Fiend | 13 | |
Frost Wyrm | 13 | |
Gargoyle | -3 | |
36 total
» upgrades
Creature Attack | 3 | |
Creature Carapace | 3 | |
Web | 1 | |
Freezing Breath | 1 | |
8 total
» buildings
Graveyard | 1 | |
Crypt | 1 | |
Altar of Darkness | 1 | |
Ziggurat | 12 | |
Tomb of Relics | 1 | |
Nerubian Tower | 3 | |
Halls of the Dead | 1 | |
Black Citadel | 1 | |
Sacrificial Pit | 2 | |
Boneyard | 2 | |
Spirit Tower | 1 | |
26 total
» build order
00:21 Graveyard
00:29 Crypt
00:40 Altar of Darkness
00:55 Ziggurat
01:23 Tomb of Relics
01:52 Nerubian Tower
02:04 Ziggurat
04:05 Ziggurat
05:25 Halls of the Dead
07:02 Ziggurat
08:20 Black Citadel
08:26 Sacrificial Pit
10:51 Boneyard
10:56 Boneyard
12:16 Ziggurat
15:21 Ziggurat
17:14 Ziggurat
20:08 Spirit Tower
22:28 Ziggurat
22:31 Ziggurat
24:05 Spirit Tower
26:02 Ziggurat
28:27 Spirit Tower
28:30 Ziggurat
28:58 Ziggurat
29:25 Spirit Tower
29:27 Nerubian Tower
37:26 Nerubian Tower
95:28 Sacrificial Pit
» items
Rod of Necromancy | 1 | |
Dust of Appearance | 2 | |
Scroll of Town Portal | 2 | |
Potion of Healing | 1 | |
Scroll of Healing | 1 | |
7 total
JBEGEL626 (
green | 24 APM | 4368 actions | 181:52)
6 Priestess of the Moon 3 Trueshot Aura
2 Searing Arrows
1 Starfall
1 Warden 1 Blink
» actions
Assign group hotkey | 32 | |
Basic commands | 36 | |
Build / train | 80 | |
Enter build submenu | 22 | |
Enter hero's abilities submenu | 8 | |
Give item / drop item | 2 | |
Remove unit from queue | 4 | |
Right click | 2331 | |
Select / deselect | 895 | |
Select group hotkey | 851 | |
Use ability | 107 | |
4368 total
» units
Wisp | 21 | |
Huntress | 4 | |
Glaive Thrower | 7 | |
Druid of the Claw | 7 | |
Dryad | 5 | |
Chimaera | 4 | |
Hippogryph | 2 | |
50 total
» upgrades
Moon Armor | 1 | |
Strength of the Moon | 1 | |
Vorpal Blades | 1 | |
Druid of the Claw Training | 2 | |
Reinforced Hides | 2 | |
Mark of the Claw | 1 | |
Abolish Magic | 1 | |
Strength of the Wild | 3 | |
Corrosive Breath | 1 | |
13 total
» buildings
Moon Well | 9 | |
Altar of Elders | 1 | |
Hunter's Hall | 1 | |
Ancient of War | 2 | |
Tree of Ages | 1 | |
Ancient of Lore | 3 | |
Tree of Eternity | 1 | |
Tree of Life | 1 | |
Ancient of Wind | 1 | |
Chimaera Roost | 2 | |
22 total
» build order
00:06 Moon Well
00:08 Altar of Elders
01:11 Hunter's Hall
01:42 Ancient of War
02:11 Ancient of War
02:31 Moon Well
04:36 Moon Well
05:14 Moon Well
06:15 Moon Well
07:12 Moon Well
09:50 Tree of Ages
10:25 Moon Well
11:38 Moon Well
12:19 Ancient of Lore
12:29 Ancient of Lore
12:41 Ancient of Lore
15:15 Tree of Eternity
17:17 Moon Well
36:14 Tree of Life
38:54 Ancient of Wind
40:25 Chimaera Roost
40:31 Chimaera Roost
» items
Staff of Teleportation | 1 | |
Dust of Appearance | 2 | |
3 total
m.a.s.h. (
purple | 13 APM | 2149 actions | 171:38)
5 Archmage 3 Blizzard
2 Brilliance Aura
» actions
Assign group hotkey | 43 | |
Basic commands | 17 | |
Build / train | 86 | |
Enter build submenu | 39 | |
Enter hero's abilities submenu | 7 | |
Right click | 795 | |
Select / deselect | 877 | |
Select group hotkey | 141 | |
Use ability | 144 | |
2149 total
» units
Peasant | 13 | |
Footman | 12 | |
Siege Engine | 19 | |
Mortar Team | 1 | |
Dragonhawk Rider | 9 | |
Sorceress | 4 | |
58 total
» upgrades
Defend | 1 | |
Gunpowder | 3 | |
Lumber Harvesting | 2 | |
Armor | 1 | |
Barrage | 1 | |
Plating | 3 | |
Flare | 1 | |
Cloud | 1 | |
Sorceress Training | 1 | |
14 total
» buildings
Altar of Kings | 1 | |
Farm | 13 | |
Barracks | 2 | |
Arcane Vault | 1 | |
Keep | 1 | |
Blacksmith | 1 | |
Castle | 1 | |
Lumber Mill | 1 | |
Scout Tower | 9 | |
Arcane Tower | 1 | |
Town Hall | 3 | |
Workshop | 2 | |
Guard Tower | 2 | |
Gryphon Aviary | 2 | |
Arcane Sanctum | 1 | |
41 total
» build order
00:07 Altar of Kings
00:10 Farm
00:52 Barracks
01:16 Farm
01:55 Barracks
01:59 Farm
02:43 Farm
03:07 Arcane Vault
03:37 Farm
04:47 Farm
05:49 Farm
06:45 Keep
06:50 Farm
07:59 Farm
08:37 Blacksmith
09:26 Castle
09:38 Lumber Mill
10:20 Scout Tower
10:54 Arcane Tower
11:44 Town Hall
12:04 Workshop
12:08 Workshop
13:31 Town Hall
15:45 Farm
16:14 Farm
17:40 Farm
17:53 Scout Tower
17:55 Scout Tower
17:58 Scout Tower
18:00 Scout Tower
18:04 Scout Tower
18:08 Scout Tower
18:10 Scout Tower
19:03 Scout Tower
19:05 Guard Tower
19:11 Farm
19:39 Guard Tower
32:49 Gryphon Aviary
32:55 Gryphon Aviary
40:48 Town Hall
51:55 Arcane Sanctum
» items
Scroll of Regeneration | 1 | |
Dust of Appearance | 2 | |
3 total
Chat log
(00:05 / Allies) DUCKTALESLOL: kmirko
(00:06 / Allies) DUCKTALESLOL: listen
(00:07 / Allies) Lil.Timmy: high eprch
(00:07 / Allies) DUCKTALESLOL: altar
(00:08 / Allies) DUCKTALESLOL: well
(00:08 / Allies) Lil.Timmy: lets do it
(00:13 / Allies) DUCKTALESLOL: feed me
(00:28 / Allies) kirko-acigbum: wood and gold
(00:31 / Allies) DUCKTALESLOL: yea
(00:32 / Allies) DUCKTALESLOL: both
(00:36 / Allies) DUCKTALESLOL: then listen to me
(00:36 / Allies) DUCKTALESLOL: close
(00:42 / Allies) DUCKTALESLOL: for the rest of the game
(00:56 / Allies) DUCKTALESLOL: estfrn gitdy
(00:59 / Allies) DUCKTALESLOL: feed
(01:03 / Allies) kirko-acigbum: hero
(01:13 / Allies) Lil.Timmy: just get hero only for now
(01:15 / Allies) Lil.Timmy: and feed
(01:37 / Allies) DUCKTALESLOL: lumb
(01:42 / Allies) kirko-acigbum: soon
(01:44 / Allies) DUCKTALESLOL: ima need mad
(01:50 / Allies) kirko-acigbum: kk
(02:04 / Allies) kirko-acigbum: getting another weel
(02:21 / Allies) DUCKTALESLOL: go harass
(02:22 / Allies) DUCKTALESLOL: asap
(02:29 / Allies) Lil.Timmy: it'll buy eus time
(02:30 / Allies) DUCKTALESLOL: keep wood coming
(02:52 / Allies) DUCKTALESLOL: need a shitload
(02:53 / Allies) DUCKTALESLOL: of wood
(02:54 / Allies) DUCKTALESLOL: right now
(03:44 / Allies) DUCKTALESLOL: lumber and a lil gold
(03:47 / All) hippoeater: LOL
(03:55 / Allies) DUCKTALESLOL: k
(03:56 / Allies) DUCKTALESLOL: start teching
(04:21 / Allies) kirko-acigbum: wiat for me
(04:33 / Allies) kirko-acigbum: ahh
(04:35 / Allies) kirko-acigbum: tp
(04:47 / Allies) kirko-acigbum: any defense?
(05:16 / Allies) kirko-acigbum: shit
(05:19 / Allies) kirko-acigbum: cant get top
(05:44 / Allies) kirko-acigbum: need some protectors
(05:47 / Allies) kirko-acigbum: ?
(06:00 / Allies) DUCKTALESLOL: no
(06:01 / Allies) DUCKTALESLOL: expand
(06:58 / Allies) DUCKTALESLOL: \expand
(06:59 / Allies) DUCKTALESLOL: asap
(07:31 / Allies) DUCKTALESLOL: kirko stay in low upkeep
(07:37 / Allies) kirko-acigbum: yes
(07:51 / Allies) DUCKTALESLOL: two ancient of winds
(07:57 / Allies) kirko-acigbum: k
(07:58 / Allies) DUCKTALESLOL: research dott
(08:47 / Allies) DUCKTALESLOL: warden harass
(08:49 / Allies) DUCKTALESLOL: the gliaves
(10:32 / Allies) DUCKTALESLOL: gogogog
(10:33 / Allies) DUCKTALESLOL: gliaves
(10:34 / Allies) DUCKTALESLOL: get em
(10:49 / Allies) DUCKTALESLOL: wood
(12:19 / Allies) kirko-acigbum: get dotts?
(12:23 / Allies) DUCKTALESLOL: yea 50 food
(12:24 / Allies) DUCKTALESLOL: only
(12:26 / Allies) DUCKTALESLOL: save ur gold
(12:41 / Allies) Lil.Timmy: when they start knocking down the towerwall, then go into high upkeep to 100 food
(13:20 / Allies) DUCKTALESLOL: clear that
(13:21 / Allies) DUCKTALESLOL: with dott
(13:36 / Allies) kirko-acigbum: from lol
(14:34 / Allies) DUCKTALESLOL: clear it
(14:36 / Allies) kirko-acigbum: how do i get there
(14:41 / Allies) DUCKTALESLOL: dott in crow form
(14:46 / Allies) Lil.Timmy: u got it?
(14:50 / Allies) DUCKTALESLOL: i got it
(16:31 / Allies) DUCKTALESLOL: careful
(18:18 / Allies) kirko-acigbum: shit
(18:34 / Allies) DUCKTALESLOL: dotts
(18:35 / Allies) DUCKTALESLOL: go
(19:55 / Allies) DUCKTALESLOL: lkeep some up there
(20:30 / Allies) kirko-acigbum: more wells
(20:31 / Allies) kirko-acigbum: ?
(20:40 / Allies) Lil.Timmy: wut food are u at right now?
(20:45 / Allies) kirko-acigbum: 50
(20:54 / Allies) Lil.Timmy: get moonwells up to 100
(20:58 / Allies) Lil.Timmy: but dont make units yet
(20:59 / Allies) kirko-acigbum: done
(21:03 / Allies) Lil.Timmy: oh okay
(21:03 / Allies) Lil.Timmy: nice
(21:09 / Allies) Lil.Timmy: then as they're tearing down the wall
(21:15 / Allies) Lil.Timmy: get the other 50
(21:17 / Allies) Lil.Timmy: food
(21:21 / Allies) kirko-acigbum: gett mass dott?
(21:29 / Allies) Lil.Timmy: yea
(21:33 / Allies) Lil.Timmy: im goin all gargs
(21:35 / Allies) kirko-acigbum: chriss
(21:38 / Allies) DUCKTALESLOL: yo
(21:59 / Allies) DUCKTALESLOL: put ur dotts up there
(22:22 / Allies) kirko-acigbum: not here
(22:24 / Allies) kirko-acigbum: ?
(22:27 / Allies) DUCKTALESLOL: here
(22:45 / Allies) kirko-acigbum: clear?
(22:48 / Allies) DUCKTALESLOL: get staff of tele
(22:50 / Allies) DUCKTALESLOL: boots of speed
(22:52 / Allies) kirko-acigbum: got em
(22:57 / Allies) DUCKTALESLOL: scroll of tp
(22:57 / Allies) DUCKTALESLOL: etc
(22:57 / All) JBEGEL626: w00t
(23:32 / Allies) DUCKTALESLOL: defend
(23:34 / Allies) DUCKTALESLOL: they're fucking me up
(23:35 / Allies) DUCKTALESLOL: bad
(24:48 / All) hippoeater: NOOBS
(24:53 / Allies) DUCKTALESLOL: k
(24:55 / Allies) DUCKTALESLOL: high upkeep
(24:56 / Allies) DUCKTALESLOL: go
(24:56 / Allies) DUCKTALESLOL: go
(25:30 / All) hippoeater: GG YOU NNOOBS
(25:41 / All) m.a.s.h.: built in 30 min
(25:47 / All) m.a.s.h.: destroyed in 30 secs
(25:51 / All) hippoeater: :*
(26:16 / All) m.a.s.h.: i love how tanks can kill air and buildings
(26:23 / All) m.a.s.h.: so funny u massed both
(26:38 / Allies) DUCKTALESLOL: go kirko build as much as u can lol
(26:50 / All) hippoeater: im sorry guys
(26:51 / All) JBEGEL626: gg newbs
(26:55 / All) m.a.s.h.: and there are still some tanks missing
(27:28 / All) m.a.s.h.: bad game noobs
(27:29 / Allies) DUCKTALESLOL: tav
(27:29 / Allies) kirko-acigbum: wtf
(27:32 / Allies) DUCKTALESLOL: tav ur warden back
(27:39 / All) m.a.s.h.: we gonna get ur mains red chill
(27:51 / All) hippoeater: GG FAGS
(27:58 / All) JBEGEL626: and ima fry ur mom
(28:37 / All) m.a.s.h.: u like that?
(28:51 / All) m.a.s.h.: oh yes my tanks
(29:01 / All) m.a.s.h.: they are really preety
(29:07 / All) m.a.s.h.: they are diesel also
(29:13 / All) hippoeater: your gargs arnt goint to do shit
(29:32 / All) JBEGEL626: u guys r pathetic
(29:37 / All) JBEGEL626: i didnt lose 1 units
(29:48 / All) m.a.s.h.: i dont know what kind of noobs dont predict a mass tank durin the circumstances
(29:58 / All) kirko-acigbum: actually
(30:02 / All) kirko-acigbum: i killed 3 bears
(30:07 / All) m.a.s.h.: oh ur mean
(30:14 / All) JBEGEL626: liar
(30:16 / All) JBEGEL626: i counted em
(30:17 / All) m.a.s.h.: i killed 3 bases
(30:22 / All) m.a.s.h.: thats even worse
(30:30 / All) DUCKTALESLOL: i just killed ur hero
(30:32 / All) DUCKTALESLOL: with towers
(30:34 / All) DUCKTALESLOL: discuss
(30:38 / All) m.a.s.h.: gj
(30:43 / All) m.a.s.h.: we gonn win anyways
(30:55 / All) m.a.s.h.: ima kill all ur towers
(31:03 / All) m.a.s.h.: with just some tanks
(31:17 / All) m.a.s.h.: or do i bring all?
(31:20 / All) kirko-acigbum: ima
(31:27 / All) kirko-acigbum: get ages
(31:29 / All) m.a.s.h.: wut?
(31:35 / All) m.a.s.h.: i wish
(31:41 / All) m.a.s.h.: ages is not urs
(31:46 / All) m.a.s.h.: u jelous bastard
(32:02 / All) kirko-acigbum: lol
(32:05 / All) DUCKTALESLOL: welcome to camp highperch
(32:10 / All) DUCKTALESLOL: please enjoy your stay :)
(32:24 / All) kirko-acigbum: cancel
(32:29 / Allies) DUCKTALESLOL: stop wasting
(32:31 / Allies) kirko-acigbum: need
(32:33 / Allies) DUCKTALESLOL: so much money on a warden
(32:36 / Allies) kirko-acigbum: wind
(34:00 / All) m.a.s.h.: hippo lts upload this game
(34:04 / All) m.a.s.h.: shall we
(34:29 / Allies) kirko-acigbum: lol
(36:26 / Allies) kirko-acigbum: ibring me staff
(36:31 / Allies) kirko-acigbum: for warden
(36:45 / Allies) DUCKTALESLOL: k one sec
(39:35 / Allies) DUCKTALESLOL: keep making dotta
(39:36 / Allies) DUCKTALESLOL: s
(39:43 / Allies) kirko-acigbum: sec
(39:47 / Allies) kirko-acigbum: need room for wells
(40:14 / Allies) kirko-acigbum: this is fun lol
(40:21 / Allies) DUCKTALESLOL: called highperching
(40:24 / Allies) Lil.Timmy: have u ever highperched b4?
(40:29 / Allies) kirko-acigbum: nope
(40:34 / Allies) Lil.Timmy: its fun as hell
(40:37 / Allies) Lil.Timmy: people get so pissed
(40:41 / Allies) Lil.Timmy: and they talk shit
(40:50 / All) kirko-acigbum: man
(40:53 / All) kirko-acigbum: im hungry
(40:57 / All) kirko-acigbum: brb in like 10
(40:58 / All) JBEGEL626: go eat
(41:00 / All) JBEGEL626: k
(41:01 / All) JBEGEL626: hf
(41:06 / All) kirko-acigbum: suck my balls
(41:12 / All) m.a.s.h.: rofl
(41:14 / All) m.a.s.h.: u have non
(41:16 / All) JBEGEL626: no ty
(41:19 / All) kirko-acigbum: lol
(41:23 / All) kirko-acigbum: yeah i know
(41:24 / All) DUCKTALESLOL: :]
(41:27 / All) kirko-acigbum: im a girl
(41:33 / All) kirko-acigbum: my pussy tastes good too
(41:36 / All) m.a.s.h.: then ur fat and ugly
(41:39 / All) kirko-acigbum: u should try some sometime
(41:42 / All) JBEGEL626: and u have balls
(41:43 / All) m.a.s.h.: thats why u play wc
(41:44 / All) kirko-acigbum: ehhh
(41:45 / Allies) Lil.Timmy: lol kirko
(41:46 / All) JBEGEL626: ??
(41:47 / All) kirko-acigbum: i dont think so
(42:01 / All) kirko-acigbum: not really the reason nerd
(42:07 / All) JBEGEL626: u just said suck my balls
(42:08 / All) m.a.s.h.: yes it is
(42:09 / All) DUCKTALESLOL: :)
(42:16 / All) m.a.s.h.: and u have hairy armpits
(42:21 / All) m.a.s.h.: u fat emo chick lol
(42:28 / All) m.a.s.h.: with pizza face
(42:30 / All) m.a.s.h.: rofl
(42:31 / All) kirko-acigbum: i save my pits and my pussy
(42:38 / All) kirko-acigbum: shave i mean
(42:42 / All) kirko-acigbum: my bad ladies
(42:51 / All) m.a.s.h.: yes u save cus no one wants to fuck u
(42:59 / All) m.a.s.h.: u horrendous fat chick
(42:59 / All) DUCKTALESLOL: lol kids raging
(43:08 / All) Lil.Timmy: wasnt m.a.s.h that tv show that no one watched?
(43:09 / All) kirko-acigbum: if no one wants to fuck
(43:15 / All) kirko-acigbum: why would i ever do that
(43:16 / All) m.a.s.h.: dunno
(43:19 / All) kirko-acigbum: ur a smart one
(43:20 / All) m.a.s.h.: didnt watch
(43:29 / All) m.a.s.h.: then why u play wc?
(43:30 / All) kirko-acigbum: didnt watch what tard
(43:41 / All) kirko-acigbum: b/c i like playing with myself
(43:49 / All) m.a.s.h.: cus no one plays u
(43:51 / All) m.a.s.h.: rofl
(43:58 / All) m.a.s.h.: fat chick with smelly pussy
(43:59 / All) m.a.s.h.: lol
(44:02 / All) kirko-acigbum: not really like that
(44:12 / All) m.a.s.h.: u get horny by even touchin a guy
(44:18 / All) kirko-acigbum: this skinny hot chick
(44:23 / All) m.a.s.h.: u wish
(44:27 / All) kirko-acigbum: will desimate u niggers
(44:53 / All) m.a.s.h.: u fat hairy pizza face smelly pussy niga chick?ยก
(45:11 / All) kirko-acigbum: last time i checked
(45:23 / All) kirko-acigbum: my pussy smells like shrimp
(45:28 / All) kirko-acigbum: not that
(45:28 / All) m.a.s.h.: shit
(45:34 / All) m.a.s.h.: ugh shit
(45:40 / All) m.a.s.h.: yuk
(45:45 / All) kirko-acigbum: anjd ur
(45:46 / All) kirko-acigbum: 12
(45:51 / All) m.a.s.h.: no im 17
(46:07 / All) kirko-acigbum: same thing
(46:18 / All) kirko-acigbum: ur balls havent dropped yet
(46:29 / All) m.a.s.h.: u havnt even seen balls
(46:36 / All) kirko-acigbum: i have too
(46:39 / All) kirko-acigbum: my balls
(46:41 / All) kirko-acigbum: fag
(48:46 / Allies) DUCKTALESLOL: lol
(49:00 / Allies) kirko-acigbum: that was nice wasnt it
(49:22 / Allies) kirko-acigbum: gold
(49:50 / Allies) kirko-acigbum: talons
(50:09 / All) DUCKTALESLOL: gold is getting scarce
(51:06 / Allies) kirko-acigbum: lol
(51:22 / Allies) kirko-acigbum: i should go fuck them up
(51:44 / Allies) kirko-acigbum: kill my alter timmy
(53:03 / All) Lil.Timmy: so wuts up guys?
(53:03 / All) DUCKTALESLOL: these nerds are pretty quiet now for some reason lol
(53:13 / All) hippoeater: RAWR
(53:13 / All) JBEGEL626: stfu
(53:15 / All) JBEGEL626: niggers
(53:20 / All) Lil.Timmy: y yes we are
(53:25 / All) Lil.Timmy: we are black and smelly
(53:27 / All) kirko-acigbum: ahhh
(53:30 / All) DUCKTALESLOL: since when did trash like this get the right to be cocky
(53:33 / All) kirko-acigbum: cry
(53:36 / All) DUCKTALESLOL: esp vs a fuckaround strategy
(56:04 / All) DUCKTALESLOL: nice one pink
(56:05 / All) DUCKTALESLOL: gj
(56:06 / All) kirko-acigbum: lol
(56:27 / All) kirko-acigbum: repair
(56:30 / All) kirko-acigbum: main
(57:17 / All) kirko-acigbum: they dont know what to do
(57:21 / Allies) DUCKTALESLOL: they're fucked
(57:23 / Allies) DUCKTALESLOL: if they lose that hawk
(57:25 / Allies) DUCKTALESLOL: and those chims
(57:26 / Allies) DUCKTALESLOL: they're done
(57:34 / Allies) Lil.Timmy: we gotta be patient tho
(57:35 / Allies) DUCKTALESLOL: if the archmage gets level 6
(57:38 / Allies) DUCKTALESLOL: we might get fucked
(57:38 / Allies) DUCKTALESLOL: tho
(58:04 / Allies) kirko-acigbum: gold for more dotts
(58:13 / Allies) Lil.Timmy: im out of gold
(58:45 / Allies) kirko-acigbum: shit
(58:53 / Allies) kirko-acigbum: why do i only get some of the gold u send me
(58:55 / Allies) kirko-acigbum: ?
(58:58 / Allies) Lil.Timmy: upkeep
(59:02 / Allies) kirko-acigbum: for real
(59:05 / Allies) Lil.Timmy: they tax trades
(59:06 / Allies) Lil.Timmy: too
(59:07 / Allies) Lil.Timmy: its gay
(59:22 / Allies) Lil.Timmy: if we were to pass 1000 gold to each other back and forth
(59:27 / Allies) Lil.Timmy: we'd eventually end up with nothing lol
(59:40 / Allies) kirko-acigbum: can only make 1 more
(59:44 / Allies) kirko-acigbum: with all that gold\
(60:19 / Allies) kirko-acigbum: need lumber?
(60:28 / Allies) Lil.Timmy: nah im good i got 1065 lol
(60:48 / Allies) kirko-acigbum: killl
(60:59 / Allies) kirko-acigbum: lol
(61:01 / Allies) kirko-acigbum: didnt tp
(61:21 / Allies) Lil.Timmy: no more archmage to worry about
(61:22 / Allies) Lil.Timmy: lol
(61:32 / Allies) kirko-acigbum: he can build him again
(61:33 / Allies) kirko-acigbum: u know
(61:38 / Allies) DUCKTALESLOL: no gold
(61:39 / Allies) DUCKTALESLOL: bro
(61:40 / Allies) Lil.Timmy: if they have enug money
(61:44 / Allies) kirko-acigbum: how?
(61:48 / Allies) DUCKTALESLOL: we drained the mines
(61:50 / Allies) DUCKTALESLOL: at beginning
(61:51 / Allies) DUCKTALESLOL: remember?
(61:53 / Allies) Lil.Timmy: all the mines are done
(61:54 / Allies) kirko-acigbum: ohh
(61:55 / Allies) kirko-acigbum: yeah
(61:56 / Allies) Lil.Timmy: completely gone
(62:11 / Allies) Lil.Timmy: and the money that they did have, went to units that are useless
(62:14 / Allies) kirko-acigbum: i wana join
(62:15 / Allies) Lil.Timmy: like those 50 tanks
(62:16 / Allies) Lil.Timmy: lol
(62:27 / Allies) kirko-acigbum: i got 3 heros
(62:30 / All) DUCKTALESLOL: so guys
(62:33 / All) hippoeater: SO
(62:34 / All) DUCKTALESLOL: any comments
(62:35 / All) DUCKTALESLOL: ?
(62:58 / All) m.a.s.h.: weird map
(62:58 / Allies) kirko-acigbum: close
(63:06 / All) m.a.s.h.: epic fail tho
(63:12 / All) DUCKTALESLOL: on who's part?
(63:17 / Allies) kirko-acigbum: i dont see ur hero
(63:17 / All) JBEGEL626: ours
(63:20 / All) m.a.s.h.: blizzard
(63:21 / All) DUCKTALESLOL: please do clarify.
(63:28 / All) DUCKTALESLOL: why blizzard?
(63:31 / Allies) Lil.Timmy: blizzard purposely made it
(63:36 / All) m.a.s.h.: lame map they made
(63:52 / All) DUCKTALESLOL: u can thumbs down maps you know lol
(63:54 / All) DUCKTALESLOL: thats no excuse
(63:58 / All) JBEGEL626: yeah
(64:03 / All) JBEGEL626: pink told us to
(64:06 / All) JBEGEL626: we forgot
(64:16 / All) DUCKTALESLOL: so you've seen this before, yet you didn't counter it?
(64:18 / All) DUCKTALESLOL: lol
(64:25 / All) JBEGEL626: we havent seen it b4
(64:30 / All) m.a.s.h.: no i never thought of it
(64:31 / All) JBEGEL626: he just said he didnt like map
(64:53 / All) DUCKTALESLOL: For replays like this and others, please visit http://highper.ch
(64:59 / Allies) kirko-acigbum: if my warden was lvl 6
(65:05 / Allies) kirko-acigbum: she would have rocked them
(65:06 / All) JBEGEL626: u from switzerland
(65:21 / All) kirko-acigbum: no
(65:26 / All) kirko-acigbum: my cousin is though
(65:34 / All) JBEGEL626: cool i am
(65:36 / All) JBEGEL626: leave
(65:51 / All) kirko-acigbum: thats cool
(66:26 / All) kirko-acigbum: they are hoping we will leave
(66:33 / All) kirko-acigbum: well chris
(66:41 / All) kirko-acigbum: i gtg to work in like 4 hours
(66:42 / All) m.a.s.h.: gonna go grab a smoke
(66:49 / All) m.a.s.h.: longest game of my life
(66:50 / Allies) DUCKTALESLOL: kirko
(66:51 / All) m.a.s.h.: brb
(66:52 / All) JBEGEL626: am on vacation
(66:52 / All) kirko-acigbum: ima smoke one too
(66:57 / All) m.a.s.h.: ok
(67:00 / Allies) DUCKTALESLOL: don't leave tho it makes thier morale go up
(67:11 / Allies) kirko-acigbum: i wont
(67:15 / Allies) kirko-acigbum: if i do
(67:19 / Allies) kirko-acigbum: ill leave comp on
(68:57 / Allies) kirko-acigbum: u think they still have gold?
(69:02 / Allies) DUCKTALESLOL: they will have some
(69:04 / Allies) DUCKTALESLOL: for a few more
(69:06 / Allies) Lil.Timmy: they're unsommoning
(69:08 / Allies) DUCKTALESLOL: when they unsummon
(69:09 / Allies) Lil.Timmy: the undead
(69:11 / Allies) DUCKTALESLOL: the ud buildings
(69:12 / Allies) DUCKTALESLOL: but
(69:16 / Allies) DUCKTALESLOL: other than that
(69:17 / Allies) DUCKTALESLOL: no
(69:20 / Allies) DUCKTALESLOL: they're almost bone dry
(69:38 / Allies) kirko-acigbum: can i tp tree of ages lol
(69:47 / Allies) DUCKTALESLOL: dont waste
(69:51 / Allies) DUCKTALESLOL: those items are useful
(70:41 / Allies) DUCKTALESLOL: -ms
(70:42 / Allies) DUCKTALESLOL: -di
(70:51 / Allies) kirko-acigbum: whats that do?
(70:54 / Allies) DUCKTALESLOL: joke
(70:55 / Allies) kirko-acigbum: -ms
(70:56 / Allies) DUCKTALESLOL: thats dota shit
(70:58 / Allies) kirko-acigbum: -di
(71:00 / Allies) kirko-acigbum: oh lol
(71:37 / Allies) kirko-acigbum: wish i had lvl 3 blink
(71:46 / All) m.a.s.h.: fuck so cold outside my dick went down to 15 inches lol
(72:00 / All) m.a.s.h.: in my balls so hard not even a bullet pass em
(73:01 / Allies) kirko-acigbum: ill cast fire
(73:04 / Allies) kirko-acigbum: on bear
(73:14 / Allies) DUCKTALESLOL: yea
(73:16 / Allies) DUCKTALESLOL: theres a shade
(73:18 / Allies) DUCKTALESLOL: around there now
(73:20 / Allies) DUCKTALESLOL: i need to kill it
(73:31 / Allies) kirko-acigbum: how ill u see it
(73:35 / All) m.a.s.h.: today ill wake ip like 5 noon lol
(73:50 / All) m.a.s.h.: yo
(73:57 / Allies) kirko-acigbum: coming
(73:58 / All) m.a.s.h.: ho knows my acc ages here?
(74:05 / All) m.a.s.h.: ho was talkin bout it?
(74:28 / Allies) kirko-acigbum: ahhhhhh
(74:33 / All) kirko-acigbum: ahhhhhh
(74:35 / All) kirko-acigbum: u got me3
(76:45 / Allies) kirko-acigbum: dont it
(76:51 / Allies) kirko-acigbum: ur doing all the work
(76:58 / Allies) kirko-acigbum: damn it lol
(77:13 / Allies) kirko-acigbum: i didnt see shade
(77:17 / Allies) DUCKTALESLOL: its invisible
(77:18 / Allies) DUCKTALESLOL: ._.
(77:23 / Allies) kirko-acigbum: true
(78:32 / Allies) kirko-acigbum: HOW LONG DOES THAT LAST?
(79:05 / All) Lil.Timmy: u guys are quite persistent
(79:23 / Allies) kirko-acigbum: even though there is no way they can win
(79:34 / Allies) kirko-acigbum: unless that
(79:37 / Allies) kirko-acigbum: i tp to them
(80:39 / Allies) kirko-acigbum: shit
(81:16 / Allies) kirko-acigbum: kill him
(81:53 / Allies) kirko-acigbum: lol
(82:34 / Allies) DUCKTALESLOL: ill take out
(82:35 / Allies) DUCKTALESLOL: the fiends
(82:40 / Allies) DUCKTALESLOL: and we'll charge that air
(82:42 / Allies) DUCKTALESLOL: in a sec
(82:50 / Allies) kirko-acigbum: how about the tanks
(82:57 / Allies) DUCKTALESLOL: their air will be dead
(83:00 / Allies) DUCKTALESLOL: before the tanks do shit
(83:11 / Allies) DUCKTALESLOL: nvm
(83:14 / Allies) DUCKTALESLOL: u didn't upgrade ur armor
(83:14 / Allies) DUCKTALESLOL: :/
(83:15 / Allies) kirko-acigbum: only gargs lol
(83:34 / Allies) kirko-acigbum: taht needs to go
(83:42 / Allies) DUCKTALESLOL: it doesn't need to go lol
(83:45 / Allies) DUCKTALESLOL: only his chim
(83:47 / Allies) DUCKTALESLOL: the 2 hawks
(83:49 / Allies) DUCKTALESLOL: need to go
(83:49 / Allies) Lil.Timmy: the air units need to go
(83:51 / Allies) DUCKTALESLOL: then we're good
(84:02 / Allies) kirko-acigbum: what can they do neways
(84:06 / Allies) Lil.Timmy: the only thing that can threat us is the air units
(84:08 / Allies) kirko-acigbum: onyl like 5 of em
(84:11 / Allies) Lil.Timmy: yea
(84:28 / Allies) Lil.Timmy: but dragonhawk has cloud, which can fuck our towers
(84:47 / Allies) kirko-acigbum: wait
(84:50 / Allies) kirko-acigbum: ill get em
(85:41 / All) m.a.s.h.: going to pee
(85:55 / All) JBEGEL626: fuck this going to sleep
(86:02 / All) m.a.s.h.: my fuckin allies went afk
(86:04 / All) m.a.s.h.: brb
(86:11 / Allies) DUCKTALESLOL: lol
(86:13 / Allies) DUCKTALESLOL: they think we're dumb
(86:30 / Allies) Lil.Timmy: they all say they're going afk...when they're just camping at their desktop
(89:05 / Allies) DUCKTALESLOL: theyre still there
(89:06 / Allies) DUCKTALESLOL: btw
(89:07 / Allies) DUCKTALESLOL: lol
(89:11 / Allies) DUCKTALESLOL: they're just hiding in that base
(89:14 / Allies) DUCKTALESLOL: waiting for us to hit
(91:06 / Allies) kirko-acigbum: no defense
(91:10 / Allies) kirko-acigbum: should i fly there
(91:15 / Allies) DUCKTALESLOL: meh
(91:18 / Allies) DUCKTALESLOL: stay wehre u is
(91:21 / Allies) DUCKTALESLOL: for now
(91:22 / Allies) DUCKTALESLOL: that is
(91:29 / Allies) DUCKTALESLOL: u can fly there at daytime
(91:30 / Allies) DUCKTALESLOL: not night
(91:34 / Allies) kirko-acigbum: i could pull it off
(91:35 / Allies) DUCKTALESLOL: night u can't see if they're sneaking up
(91:56 / Allies) kirko-acigbum: with gargs?
(93:28 / Allies) kirko-acigbum: i want gold )=
(94:30 / Allies) DUCKTALESLOL: gay
(94:34 / Allies) DUCKTALESLOL: that sucks for us
(95:46 / Allies) DUCKTALESLOL: k
(95:48 / Allies) DUCKTALESLOL: that keeper
(96:20 / Allies) kirko-acigbum: what about
(97:35 / Allies) kirko-acigbum: what sucks
(97:44 / Allies) kirko-acigbum: is that yellow has no hero
(97:50 / Allies) kirko-acigbum: he cant tele with us
(97:53 / Allies) DUCKTALESLOL: dk
(97:53 / Allies) Lil.Timmy: i have a hero
(97:55 / Allies) DUCKTALESLOL: right there
(97:56 / Allies) Lil.Timmy: but no tele
(97:59 / Allies) Lil.Timmy: no staff
(98:00 / Allies) kirko-acigbum: oh
(98:05 / Allies) kirko-acigbum: nice
(98:12 / Allies) DUCKTALESLOL: i mean i can buy tele staves
(98:16 / Allies) DUCKTALESLOL: but its dangerous
(98:20 / Allies) Lil.Timmy: yea
(98:29 / Allies) Lil.Timmy: id prolly end up dying to something
(98:38 / Allies) Lil.Timmy: and my hero is only level 3
(99:30 / Allies) kirko-acigbum: u got a staff now
(99:55 / Allies) Lil.Timmy: thanks, but its wrong staff
(99:57 / Allies) Lil.Timmy: lol
(99:59 / Allies) Lil.Timmy: its all good tho
(100:01 / Allies) Lil.Timmy: but thanks
(100:46 / Allies) kirko-acigbum: if we took out dryads
(100:51 / Allies) kirko-acigbum: i think we would be ok
(100:55 / Allies) DUCKTALESLOL: tanks
(101:06 / Allies) kirko-acigbum: i can change
(101:17 / Allies) DUCKTALESLOL: true
(101:19 / Allies) DUCKTALESLOL: and cyclone
(101:34 / Allies) DUCKTALESLOL: while i whirlwind
(101:35 / Allies) DUCKTALESLOL: lol
(102:45 / Allies) kirko-acigbum: so littel damge
(102:52 / Allies) Lil.Timmy: lol my ghoul is whoopin ass
(104:33 / Allies) kirko-acigbum: ill scout for more
(104:59 / Allies) DUCKTALESLOL: check that
(106:12 / All) DUCKTALESLOL: lol totally afk
(106:17 / All) DUCKTALESLOL: fucking nerd
(106:33 / All) JBEGEL626: tottally mh
(106:37 / All) DUCKTALESLOL: rofl
(106:40 / All) DUCKTALESLOL: look at this trash
(106:48 / All) DUCKTALESLOL: talking all that good shit a minute ago
(107:06 / Allies) kirko-acigbum: think we got a chance?
(107:09 / Allies) DUCKTALESLOL: ofc
(107:11 / Allies) DUCKTALESLOL: not to hit
(107:13 / Allies) DUCKTALESLOL: thats not a good idea
(107:24 / Allies) Lil.Timmy: patience is key
(107:33 / Allies) Lil.Timmy: me and weber lost a highperch once cuz we were inpatient
(107:35 / All) JBEGEL626: come hit us niggers
(107:40 / All) DUCKTALESLOL: no thx
(107:42 / All) DUCKTALESLOL: :)
(107:42 / Allies) Lil.Timmy: when we had even more units than what we have now
(109:33 / Allies) kirko-acigbum: i cant blick outta here
(110:20 / Allies) kirko-acigbum: yup
(110:24 / Allies) kirko-acigbum: we would be fucked
(111:57 / Allies) kirko-acigbum: tehy are gettin restles
(112:05 / Allies) kirko-acigbum: meaning i am
(112:07 / Allies) kirko-acigbum: lol
(112:19 / Allies) DUCKTALESLOL: just leave ur computer on
(112:23 / Allies) DUCKTALESLOL: and we'll handle the rest
(112:56 / Allies) kirko-acigbum: i wana tp to u lol
(113:20 / Allies) kirko-acigbum: think im far away enough from units
(113:34 / Allies) kirko-acigbum: all on hold
(113:50 / Allies) kirko-acigbum: nice
(115:06 / Allies) kirko-acigbum: fuk
(115:07 / Allies) kirko-acigbum: i gtg
(115:11 / Allies) DUCKTALESLOL: k
(115:17 / Allies) DUCKTALESLOL: dont turn off
(115:18 / Allies) Lil.Timmy: leave unit control
(115:19 / Allies) DUCKTALESLOL: ur shit hto
(115:20 / Allies) kirko-acigbum: my dad is buggin me
(115:23 / Allies) DUCKTALESLOL: k minimize it
(115:25 / Allies) DUCKTALESLOL: or something
(115:25 / Allies) Lil.Timmy: yea, we gotcha
(115:29 / Allies) DUCKTALESLOL: dont turn it off we'll take care
(115:29 / Allies) DUCKTALESLOL: of u
(115:41 / Allies) kirko-acigbum: dont worry im not leaving the game
(116:15 / Allies) kirko-acigbum: nice
(116:27 / Allies) Lil.Timmy: that the only shade?
(116:34 / Allies) kirko-acigbum: there are 2
(116:36 / Allies) kirko-acigbum: other
(116:37 / Allies) kirko-acigbum: is
(116:50 / Allies) kirko-acigbum: other one
(116:56 / Allies) Lil.Timmy: wheres the last one>
(116:58 / Allies) kirko-acigbum: is beside the dryad on ther right
(117:02 / Allies) Lil.Timmy: gotcha
(117:43 / Allies) kirko-acigbum: thank me for my wells
(117:44 / Allies) kirko-acigbum: lol
(117:47 / Allies) kirko-acigbum: for mana
(117:48 / Allies) Lil.Timmy: lol
(117:48 / Allies) DUCKTALESLOL: true
(117:50 / Allies) DUCKTALESLOL: that was good idea
(117:51 / Allies) Lil.Timmy: they were a good idea
(117:52 / Allies) kirko-acigbum: and
(117:57 / Allies) kirko-acigbum: upgrade
(118:01 / Allies) kirko-acigbum: in hunt hall
(118:04 / Allies) DUCKTALESLOL: wheres the shade
(118:09 / Allies) DUCKTALESLOL: there
(118:11 / Allies) DUCKTALESLOL: two of them
(118:14 / Allies) kirko-acigbum: in the back now
(118:21 / Allies) kirko-acigbum: i only see one
(118:58 / Allies) kirko-acigbum: aha
(119:06 / Allies) kirko-acigbum: ez target
(119:37 / Allies) kirko-acigbum: owl coming
(120:09 / Allies) kirko-acigbum: owl on shade
(120:09 / Allies) DUCKTALESLOL: ytea that shade
(120:11 / Allies) DUCKTALESLOL: and they're fucked
(120:12 / Allies) DUCKTALESLOL: lol
(120:28 / Allies) DUCKTALESLOL: 2 shades?
(120:55 / Allies) kirko-acigbum: lets go
(121:34 / Allies) kirko-acigbum: stil go tp on moon
(121:47 / Allies) kirko-acigbum: in tanks
(121:55 / Allies) DUCKTALESLOL: yea i see em
(121:59 / Allies) DUCKTALESLOL: we'll get thesee whores
(122:00 / Allies) DUCKTALESLOL: :D
(122:13 / Allies) kirko-acigbum: wiat
(122:16 / Allies) kirko-acigbum: for owl
(122:55 / Allies) kirko-acigbum: together
(123:05 / Allies) kirko-acigbum: wait
(123:18 / Allies) kirko-acigbum: ok lets go
(123:21 / Allies) kirko-acigbum: owl coming
(123:22 / Allies) DUCKTALESLOL: not yet
(123:23 / Allies) DUCKTALESLOL: yea owl
(123:24 / Allies) DUCKTALESLOL: it
(123:40 / Allies) DUCKTALESLOL: around there
(123:40 / Allies) DUCKTALESLOL: bro
(124:07 / Allies) DUCKTALESLOL: i need potion
(124:09 / Allies) DUCKTALESLOL: of invun
(124:22 / Allies) kirko-acigbum: no much gold left
(124:26 / Allies) DUCKTALESLOL: 1.4 k
(124:28 / Allies) kirko-acigbum: the other shade is hiding
(124:33 / Allies) DUCKTALESLOL: thers another?
(124:36 / Allies) DUCKTALESLOL: i killed one just now
(124:42 / Allies) kirko-acigbum: oh
(124:47 / Allies) DUCKTALESLOL: owl it
(124:48 / Allies) DUCKTALESLOL: again
(124:49 / Allies) kirko-acigbum: coming
(125:51 / Allies) kirko-acigbum: in the back now
(125:55 / All) JBEGEL626: leave suckers
(126:00 / Allies) DUCKTALESLOL: kill that shade
(126:01 / All) hippoeater: MH
(126:02 / Allies) DUCKTALESLOL: and they're done
(126:06 / All) DUCKTALESLOL: getting desperate noobs?
(126:07 / All) hippoeater: you follow my shade with owl FAIL
(126:08 / All) DUCKTALESLOL: lol
(126:10 / All) Lil.Timmy: nevarrr
(126:16 / All) DUCKTALESLOL: lol and they accuse of mh
(126:22 / All) DUCKTALESLOL: this is very funny
(126:25 / All) JBEGEL626: not rly no
(126:29 / All) JBEGEL626: i am on vacation
(126:33 / All) DUCKTALESLOL: the bittersweet taste of defeat will be a nice lesson for you kid
(126:39 / All) JBEGEL626: i can stay here 4 days if necessary
(126:40 / All) DUCKTALESLOL: learn to not run your mouth
(126:40 / All) hippoeater: K
(126:46 / All) DUCKTALESLOL: k bro do so :]
(126:48 / All) Lil.Timmy: that wont be necessar
(126:57 / All) DUCKTALESLOL: someone needs a win bad LOL
(127:00 / All) JBEGEL626: who sayd am going to lose
(127:09 / Allies) kirko-acigbum: lol
(127:15 / Allies) kirko-acigbum: rdy
(127:20 / Allies) kirko-acigbum: lest me scout once
(127:22 / All) JBEGEL626: am gonna win....and rub my butt on ur ugly nerdy pizza face
(127:26 / Allies) kirko-acigbum: 2nd time u get it
(127:35 / Allies) Lil.Timmy: wut makes u think you'll win?
(127:39 / All) m.a.s.h.: lol u think we need wins? please profile us after game
(127:41 / Allies) DUCKTALESLOL: k go
(127:42 / All) Lil.Timmy: wut makes you think you'll win?
(127:53 / All) JBEGEL626: coz am JBEGEL
(127:54 / All) DUCKTALESLOL: kid you're 20-14 solo, thats disgusting
(127:59 / All) JBEGEL626: lol
(128:03 / All) m.a.s.h.: im 1500 ud
(128:07 / All) DUCKTALESLOL: and 14-16 solo rofl
(128:12 / All) JBEGEL626: lol
(128:13 / Allies) kirko-acigbum: back
(128:13 / All) DUCKTALESLOL: wow congrats trash
(128:21 / All) JBEGEL626: who cares
(128:22 / All) m.a.s.h.: u have no stats rofl
(128:25 / All) JBEGEL626: i leave some games u knwo
(128:41 / Allies) DUCKTALESLOL: send another owl
(128:58 / Allies) kirko-acigbum: its going straight
(129:01 / All) JBEGEL626: and u use stupid retarded rigged tactics.....if u are so good u could rush and win in 5 mins
(129:01 / All) m.a.s.h.: lol and yellow is 2-3 in team
(129:08 / All) m.a.s.h.: so what the fuck u talkin bout?
(129:18 / All) Lil.Timmy: lol i never said I was good
(129:31 / All) JBEGEL626: and red doesnt even have stats
(129:38 / All) m.a.s.h.: but ur friend talkin as if he was good shit and he sucks
(129:40 / All) Lil.Timmy: but my 2 partners are def. way better than ya'll
(129:49 / All) Lil.Timmy: lol u can 1v1 him later
(129:51 / All) m.a.s.h.: thats what u think
(129:54 / All) m.a.s.h.: later?
(129:55 / All) Lil.Timmy: he'll let his play do the talking
(129:59 / All) m.a.s.h.: its 4 am
(130:02 / All) JBEGEL626: ok
(130:05 / All) JBEGEL626: i 1v1 u
(130:10 / All) DUCKTALESLOL: sounds good scrub
(130:11 / All) JBEGEL626: i give u taht honor
(130:13 / All) m.a.s.h.: thats why u do stupid stats?
(130:14 / Allies) kirko-acigbum: damn its 4 30
(130:14 / All) JBEGEL626: if u leave
(130:16 / All) DUCKTALESLOL: what will your excuse be afterwards?
(130:26 / Allies) kirko-acigbum: comnign
(130:28 / All) JBEGEL626: i was tired from this game
(130:35 / All) JBEGEL626: what will urs be scum?
(130:42 / All) DUCKTALESLOL: look kid, i won't need one
(131:03 / All) m.a.s.h.: rofl blues is 123,130 in team
(131:12 / All) m.a.s.h.: and 0-1 in solo?
(131:17 / All) m.a.s.h.: and u makin fun of us
(131:18 / All) JBEGEL626: cunt
(131:34 / All) m.a.s.h.: ur the kind of noobs that play 4s and think their great shit rofl
(131:52 / All) DUCKTALESLOL: this is enjoyable to say the least
(132:13 / All) Lil.Timmy: u guys don't realize that this shittalking is actually wut makes highperching so fun?
(132:25 / All) DUCKTALESLOL: they're too dumb to realize that steve
(132:32 / All) m.a.s.h.: good for u
(132:39 / All) m.a.s.h.: aww lil stevie
(132:42 / All) JBEGEL626: u work on a gas station nigger
(132:53 / All) JBEGEL626: i bet ur second name is jamal
(132:54 / All) m.a.s.h.: ur moms gonna hit u with the belt when she finds out u still playin
(132:57 / All) Lil.Timmy: yes massah, i pump fuel all day for dem white folk
(132:59 / All) m.a.s.h.: ROFL
(132:59 / All) JBEGEL626: and ur mom names latifa
(133:08 / All) m.a.s.h.: rofl
(133:14 / All) m.a.s.h.: shes as ugly as blue
(133:15 / All) JBEGEL626: or shaniqua
(133:16 / All) m.a.s.h.: lol
(133:21 / All) m.a.s.h.: or shantee
(133:22 / All) m.a.s.h.: rofl
(133:27 / All) JBEGEL626: lol
(133:35 / All) Lil.Timmy: lol its funny you think im black cuz my name is "steve"
(133:38 / All) m.a.s.h.: and shes got brown teeth
(133:47 / All) JBEGEL626: u r black
(133:51 / All) JBEGEL626: i knwo it
(133:53 / All) m.a.s.h.: no cus u got lil.timmy
(133:53 / All) Lil.Timmy: im not black, im a nigger
(133:54 / All) JBEGEL626: i dont think it
(133:55 / All) m.a.s.h.: lol
(134:14 / Allies) kirko-acigbum: got it>?
(134:20 / Allies) kirko-acigbum: nope
(134:24 / All) m.a.s.h.: what white person would call himself lil timmy?
(134:24 / Allies) kirko-acigbum: shit
(134:26 / Allies) DUCKTALESLOL: its really hard to
(134:34 / All) Lil.Timmy: u obviously haven't seen freddy got fingered
(134:36 / All) m.a.s.h.: lil.ngger?
(134:37 / Allies) DUCKTALESLOL: dude
(134:38 / Allies) kirko-acigbum: fuckers fast
(134:39 / Allies) DUCKTALESLOL: i have an idea
(134:42 / Allies) DUCKTALESLOL: kotg
(134:44 / Allies) DUCKTALESLOL: entangle it
(134:47 / All) Lil.Timmy: lil timmy is from freddy got fingered
(134:50 / All) Lil.Timmy: lol
(134:58 / All) m.a.s.h.: u got assfingered
(135:01 / All) Lil.Timmy: watch it, hilarious movie
(135:03 / All) Lil.Timmy: yes and i love it
(135:04 / Allies) kirko-acigbum: he will die
(135:12 / Allies) DUCKTALESLOL: doesn't matter
(135:15 / Allies) DUCKTALESLOL: what else is he good for?
(135:18 / Allies) DUCKTALESLOL: that shade dies
(135:19 / Allies) DUCKTALESLOL: they lose
(135:21 / Allies) DUCKTALESLOL: cause all i do
(135:22 / Allies) kirko-acigbum: ill give him tp
(135:24 / Allies) DUCKTALESLOL: is baldesotrm their shit
(135:39 / Allies) kirko-acigbum: sec
(135:55 / All) JBEGEL626: we might be holding the record 4 longest game ever
(136:09 / Allies) DUCKTALESLOL: k kirko
(136:13 / All) m.a.s.h.: one good thing is gonna get out of this
(136:15 / Allies) DUCKTALESLOL: ima buy him
(136:16 / Allies) kirko-acigbum: sec
(136:18 / Allies) DUCKTALESLOL: an invisibility
(136:19 / Allies) DUCKTALESLOL: potion
(136:22 / All) JBEGEL626: lol
(136:23 / All) m.a.s.h.: we gona make record for longest game lol :D
(136:25 / Allies) kirko-acigbum: sell this stuf first
(136:25 / All) hippoeater: YAWWWWNNNN
(136:36 / All) m.a.s.h.: pls upload replay
(136:46 / All) JBEGEL626: guiness world records: Jbegel626, m.a.s.h. and hippoeater won the longest wc3 game
(136:47 / All) Lil.Timmy: yea add it to that site
(136:51 / All) hippoeater: they wont cause then they will see maphacks
(136:55 / All) m.a.s.h.: ok
(137:09 / All) Lil.Timmy: lol no maphacks over here. see for urself
(137:11 / All) JBEGEL626: what site was it again
(137:22 / All) m.a.s.h.: wcreplays.com
(137:22 / All) Lil.Timmy: http://highper.ch
(137:29 / Allies) Lil.Timmy: replays of high perches
(137:37 / All) JBEGEL626: u know whats also cool?
(137:37 / Allies) DUCKTALESLOL: wait
(137:38 / Allies) DUCKTALESLOL: kirko
(137:39 / Allies) DUCKTALESLOL: wait
(137:41 / All) Lil.Timmy: replays of high perches
(137:42 / Allies) DUCKTALESLOL: k
(137:44 / Allies) DUCKTALESLOL: invisy self
(137:49 / All) DUCKTALESLOL: then
(137:52 / All) JBEGEL626: type qqqqq in google....and click am feeling lucky
(137:57 / Allies) DUCKTALESLOL: wait at that swap
(138:01 / Allies) DUCKTALESLOL: for the shade to pass
(138:08 / Allies) kirko-acigbum: i run there first
(138:15 / Allies) kirko-acigbum: then invisible
(138:18 / All) m.a.s.h.: how much time have we been playin?
(138:21 / Allies) DUCKTALESLOL: they can't see u
(138:31 / Allies) kirko-acigbum: shde
(139:03 / Allies) kirko-acigbum: ouch lol
(139:09 / Allies) kirko-acigbum: ask them if that hurt
(139:27 / Allies) kirko-acigbum: i coming ro fight now
(139:32 / Allies) DUCKTALESLOL: nah don't
(139:33 / Allies) DUCKTALESLOL: dude
(139:33 / Allies) DUCKTALESLOL: lol
(139:35 / Allies) kirko-acigbum: even if we lose all the units
(139:37 / Allies) DUCKTALESLOL: don't
(139:38 / Allies) kirko-acigbum: u got it
(139:38 / Allies) DUCKTALESLOL: plz
(139:43 / Allies) kirko-acigbum: some?
(139:48 / Allies) DUCKTALESLOL: dude :/
(139:51 / All) Lil.Timmy: nah, just gotta be patient
(139:51 / Allies) DUCKTALESLOL: just trust me
(139:54 / Allies) DUCKTALESLOL: we'll lose all of them
(139:55 / All) Lil.Timmy: trust me, we've fucked up b4
(140:01 / All) Lil.Timmy: and its frustrating to lose
(140:08 / Allies) DUCKTALESLOL: esp after these assholes
(140:10 / Allies) DUCKTALESLOL: talked so much shit
(140:13 / All) m.a.s.h.: true
(140:14 / Allies) DUCKTALESLOL: and we've been in this game
(140:17 / Allies) kirko-acigbum: let mecast some first before u ww
(140:28 / All) DUCKTALESLOL: so they'll know now
(140:29 / All) DUCKTALESLOL: :D
(140:32 / All) Lil.Timmy: do u guys watch beavis and butthead?
(140:37 / All) Lil.Timmy: thats a funny ass show
(140:48 / All) JBEGEL626: do u have cable tv
(140:53 / All) m.a.s.h.: ye but its never on anymore
(141:01 / All) Lil.Timmy: download em, they're funny as shit
(141:12 / All) m.a.s.h.: i watched em long time ago
(141:19 / All) m.a.s.h.: but i prefer family guy
(141:23 / All) m.a.s.h.: or the simpsons
(141:29 / All) Lil.Timmy: i like futurama
(141:29 / All) m.a.s.h.: :P
(141:30 / All) JBEGEL626: family guy ftw
(141:40 / All) m.a.s.h.: i have futurama
(141:46 / All) m.a.s.h.: worst program ever
(141:47 / Allies) DUCKTALESLOL: kirko
(141:49 / Allies) DUCKTALESLOL: .....
(141:49 / All) m.a.s.h.: never got it
(141:50 / Allies) DUCKTALESLOL: plz
(141:50 / Allies) kirko-acigbum: spell rdy?
(141:50 / Allies) DUCKTALESLOL: dude
(141:55 / Allies) DUCKTALESLOL: gimme 10 min
(142:00 / Allies) kirko-acigbum: ill fire only
(142:02 / Allies) kirko-acigbum: not attack
(142:07 / All) m.a.s.h.: or pen n teller
(142:09 / Allies) kirko-acigbum: come on
(142:10 / All) m.a.s.h.: thats good
(142:11 / Allies) DUCKTALESLOL: actually
(142:12 / Allies) DUCKTALESLOL: listen
(142:25 / All) m.a.s.h.: how do u guys got up there?
(142:48 / Allies) kirko-acigbum: seee it would have helped
(143:06 / All) Lil.Timmy: check out the replays at http://highper.ch
(143:11 / All) JBEGEL626: dude i dc
(143:13 / All) m.a.s.h.: ok
(143:43 / Allies) kirko-acigbum: wrden can come
(144:02 / Allies) kirko-acigbum: yay
(144:11 / Allies) DUCKTALESLOL: there u go
(144:13 / Allies) DUCKTALESLOL: warden
(144:14 / Allies) DUCKTALESLOL: kotg
(144:16 / Allies) DUCKTALESLOL: bm
(144:18 / Allies) DUCKTALESLOL: dont lose anything tho
(144:29 / Allies) DUCKTALESLOL: i need u to distract
(144:32 / Allies) DUCKTALESLOL: so my bm can do dmg
(144:54 / Allies) kirko-acigbum: 192 gold
(145:08 / Allies) DUCKTALESLOL: thats how much u have?
(145:09 / Allies) kirko-acigbum: i c
(145:49 / Allies) DUCKTALESLOL: invisy dk
(146:02 / Allies) kirko-acigbum: smoth
(146:08 / Allies) kirko-acigbum: wnat me to tangle?
(146:09 / Allies) DUCKTALESLOL: distract
(146:09 / Allies) DUCKTALESLOL: yea
(146:12 / Allies) DUCKTALESLOL: distract some shit
(146:13 / Allies) DUCKTALESLOL: for me
(146:15 / Allies) DUCKTALESLOL: go
(146:17 / Allies) kirko-acigbum: let me get
(146:20 / Allies) DUCKTALESLOL: dude
(146:29 / Allies) DUCKTALESLOL: just didstract
(146:31 / Allies) DUCKTALESLOL: so i can ww
(146:41 / All) m.a.s.h.: what would it take for u guys to leave?
(146:42 / Allies) kirko-acigbum: sec
(146:45 / Allies) kirko-acigbum: bird
(146:45 / All) JBEGEL626: hey fuckers
(146:48 / All) Lil.Timmy: a klondike bar
(146:51 / All) m.a.s.h.: ima go eat smething
(147:27 / Allies) DUCKTALESLOL: run
(147:29 / Allies) DUCKTALESLOL: he's coming for u
(147:30 / Allies) DUCKTALESLOL: lol
(147:36 / Allies) DUCKTALESLOL: if he runs too far out
(147:38 / Allies) DUCKTALESLOL: and u entangle
(147:40 / Allies) kirko-acigbum: thinks he is
(147:41 / Allies) DUCKTALESLOL: and shadow strike
(147:42 / Allies) DUCKTALESLOL: he's dead
(147:42 / Allies) DUCKTALESLOL: lol
(147:54 / Allies) DUCKTALESLOL: also potm needs to die
(147:56 / Allies) DUCKTALESLOL: she has dust
(147:58 / Allies) DUCKTALESLOL: of reveal
(147:59 / Allies) DUCKTALESLOL: vs me
(148:09 / All) DUCKTALESLOL: hrm
(148:14 / Allies) kirko-acigbum: k
(148:18 / All) DUCKTALESLOL: hrm hrm hrm
(148:25 / All) m.a.s.h.: seriously what would it take for u guys to leave?
(148:29 / All) m.a.s.h.: yawn
(148:29 / All) Lil.Timmy: klondike bar
(148:32 / All) DUCKTALESLOL: a blowjob?
(148:36 / All) m.a.s.h.: besides
(148:39 / All) JBEGEL626: lol
(148:43 / All) m.a.s.h.: i dont do fag shit
(148:52 / Allies) kirko-acigbum: sec
(149:01 / Allies) kirko-acigbum: what should i buy
(149:08 / Allies) DUCKTALESLOL: nothing
(149:16 / All) m.a.s.h.: its almost breakfast
(149:17 / All) m.a.s.h.: lol
(150:01 / Allies) DUCKTALESLOL: wait here
(150:02 / Allies) DUCKTALESLOL: again
(150:06 / Allies) DUCKTALESLOL: wait there
(150:54 / Allies) kirko-acigbum: i did good
(150:55 / Allies) DUCKTALESLOL: lets get him
(151:05 / Allies) DUCKTALESLOL: no
(151:20 / Allies) DUCKTALESLOL: we're getting
(151:20 / Allies) DUCKTALESLOL: close
(151:54 / All) JBEGEL626: gtfo
(152:00 / Allies) DUCKTALESLOL: i've got
(152:01 / Allies) DUCKTALESLOL: an idea
(152:02 / Allies) kirko-acigbum: they are gettin pissed lol
(152:06 / Allies) Lil.Timmy: lol
(153:26 / Allies) DUCKTALESLOL: kirko
(153:26 / Allies) DUCKTALESLOL: wtf
(154:46 / Allies) kirko-acigbum: lol
(154:48 / Allies) kirko-acigbum: know theyt know
(154:50 / Allies) kirko-acigbum: they lost
(154:55 / All) DUCKTALESLOL: comments?
(154:57 / All) DUCKTALESLOL: anyone?
(155:06 / All) m.a.s.h.: me
(155:07 / All) Lil.Timmy: war of attrition
(155:10 / All) m.a.s.h.: boring game
(155:15 / All) m.a.s.h.: first time we see action
(155:17 / Allies) kirko-acigbum: i cant lvl
(155:20 / All) m.a.s.h.: in like 4 hours
(155:21 / Allies) kirko-acigbum: tp i mean
(155:32 / All) DUCKTALESLOL: my fav part, was the part where one of the nerds was like "GG FAGS GG"
(155:38 / All) DUCKTALESLOL: and then he totally got his ass kicked LOL
(155:52 / All) m.a.s.h.: no u did
(156:01 / All) JBEGEL626: u lost game
(156:03 / All) JBEGEL626: actually
(156:06 / All) m.a.s.h.: but u made this fagg strat
(156:17 / All) m.a.s.h.: cus u knew u were gonna loose to us
(157:31 / Allies) kirko-acigbum: lol
(157:52 / Allies) DUCKTALESLOL: lemme mana heal up
(157:55 / Allies) DUCKTALESLOL: get warden down here
(157:59 / Allies) kirko-acigbum: comng
(158:23 / Allies) kirko-acigbum: shit
(158:30 / Allies) DUCKTALESLOL: ._.
(158:32 / Allies) DUCKTALESLOL: really kirko lol
(158:39 / Allies) DUCKTALESLOL: well guess ima have to deal
(158:42 / Allies) DUCKTALESLOL: with the dk all game
(158:43 / Allies) kirko-acigbum: i dindt know u would tp out
(158:49 / All) DUCKTALESLOL: talk about maphack
(158:50 / All) DUCKTALESLOL: lol
(158:54 / All) DUCKTALESLOL: goes right to the kotg
(158:56 / All) hippoeater: :)
(158:57 / All) hippoeater: yep
(159:08 / All) JBEGEL626: QQ
(159:54 / Allies) kirko-acigbum: ouch
(159:58 / Allies) kirko-acigbum: lost staff too
(159:58 / Allies) kirko-acigbum: shit
(160:04 / Allies) DUCKTALESLOL: ._.
(160:55 / Allies) kirko-acigbum: im at 51 food
(161:09 / Allies) kirko-acigbum: 50 if i kill wisp
(161:17 / Allies) kirko-acigbum: but i need for kotg right
(161:24 / Allies) DUCKTALESLOL: we dont need kotg
(161:26 / Allies) DUCKTALESLOL: but it wooda made it
(161:28 / Allies) DUCKTALESLOL: like 2x easier
(161:31 / Allies) DUCKTALESLOL: had u gotten it :/
(161:35 / Allies) kirko-acigbum: i can get back
(161:42 / Allies) kirko-acigbum: i got 192 gold
(161:45 / Allies) kirko-acigbum: i can make alter
(161:53 / Allies) kirko-acigbum: i have 100
(161:56 / Allies) kirko-acigbum: food
(161:58 / Allies) DUCKTALESLOL: dont worry about it
(161:59 / Allies) kirko-acigbum: i can kill 1
(162:00 / Allies) DUCKTALESLOL: i can finish him
(162:03 / Allies) kirko-acigbum: plz
(162:12 / Allies) kirko-acigbum: im bored lol
(162:13 / Allies) DUCKTALESLOL: why are u killing
(162:14 / Allies) DUCKTALESLOL: a well
(162:18 / Allies) kirko-acigbum: plus ive been up all night
(162:43 / Allies) kirko-acigbum: u in my way lol
(162:43 / All) DUCKTALESLOL: your desperation makes this all the sweeter
(162:55 / Allies) kirko-acigbum: they dont know we have gold
(162:58 / All) hippoeater: just making sure you didnt fall asleep
(162:59 / Allies) kirko-acigbum: it will make it funny
(163:11 / Allies) kirko-acigbum: to see him again
(163:24 / Allies) kirko-acigbum: ill kill wisp
(163:27 / Allies) kirko-acigbum: after
(163:37 / Allies) kirko-acigbum: ill have 50 food
(163:48 / Allies) kirko-acigbum: only need like 255 or so for him
(164:38 / Allies) DUCKTALESLOL: scan the map
(164:40 / Allies) DUCKTALESLOL: again kirko
(164:41 / Allies) kirko-acigbum: 255
(164:51 / Allies) kirko-acigbum: wtf
(164:54 / Allies) kirko-acigbum: dude
(164:56 / Allies) kirko-acigbum: not yet
(164:58 / Allies) DUCKTALESLOL: actually throw that back
(165:00 / Allies) DUCKTALESLOL: lol
(165:04 / Allies) kirko-acigbum: stil got wisp
(165:14 / Allies) kirko-acigbum: i got 82 now
(165:58 / Allies) kirko-acigbum: blink?
(166:01 / Allies) DUCKTALESLOL: nvm
(166:02 / Allies) DUCKTALESLOL: my b
(166:55 / Allies) kirko-acigbum: shit
(166:59 / Allies) kirko-acigbum: u only have 500 g
(167:02 / Allies) DUCKTALESLOL: yea
(167:04 / Allies) DUCKTALESLOL: not worth it :/
(167:07 / Allies) DUCKTALESLOL: thats what im sayin
(167:22 / Allies) DUCKTALESLOL: theres 4 buildings left
(167:23 / Allies) DUCKTALESLOL: anyways
(167:25 / Allies) kirko-acigbum: u can still kill the no potion
(168:28 / All) Lil.Timmy: oh nooooes
(168:43 / All) DUCKTALESLOL: not the ghoul, shit!
(168:54 / Allies) kirko-acigbum: im still here
(169:23 / Allies) DUCKTALESLOL: get that
(169:29 / Allies) kirko-acigbum: got im
(169:51 / All) DUCKTALESLOL: :]
(169:57 / All) DUCKTALESLOL: in your words
(169:58 / All) m.a.s.h.: ok u win guys im bored
(170:01 / All) DUCKTALESLOL: "gg fags"
(170:06 / All) DUCKTALESLOL: bad game
(170:08 / All) DUCKTALESLOL: very noob
(170:11 / All) DUCKTALESLOL: i believe it was
(170:12 / All) m.a.s.h.: never thought that comin
(170:17 / All) m.a.s.h.: yes it was bad game
(170:23 / All) m.a.s.h.: ur towers and ur bases sucked
(170:24 / All) DUCKTALESLOL: cry about it scrub
(170:26 / Allies) kirko-acigbum: let me get hero now
(170:28 / Allies) kirko-acigbum: plzzzzz
(170:35 / All) m.a.s.h.: nah 1 game ... dont care
(170:38 / All) m.a.s.h.: 77% here
(170:43 / All) DUCKTALESLOL: ill trash you solo right now
(170:47 / All) m.a.s.h.: so gn
(170:48 / All) DUCKTALESLOL: lets make it another :]
(170:51 / All) m.a.s.h.: enjoy ur win
(170:55 / All) m.a.s.h.: ok
(170:59 / All) m.a.s.h.: sounds good
(171:01 / All) Lil.Timmy: i wanna watch 1v1
(171:06 / All) m.a.s.h.: just gonna sleep first
(171:11 / All) m.a.s.h.: loool
(171:17 / All) DUCKTALESLOL: Also, don't forget to check http://highper.ch for your replay!
(171:17 / All) m.a.s.h.: why don u play also?
(171:20 / All) kirko-acigbum: pussy
(171:28 / All) m.a.s.h.: this replay gonna be too long
(171:35 / All) m.a.s.h.: dont think ill watch
(171:53 / All) kirko-acigbum: tell me that was nice
(172:42 / Allies) kirko-acigbum: wana hit with everything>?
(172:49 / Allies) DUCKTALESLOL: not quite yet
(172:51 / Allies) DUCKTALESLOL: a couple more tanks
(172:52 / Allies) Lil.Timmy: almost
(172:52 / Allies) DUCKTALESLOL: and we'll go
(172:58 / Allies) DUCKTALESLOL: it seems stupid
(172:59 / Allies) DUCKTALESLOL: but trust me
(173:21 / Allies) kirko-acigbum: ima bring potm too
(173:22 / Allies) kirko-acigbum: kk
(173:29 / Allies) DUCKTALESLOL: how
(173:30 / Allies) DUCKTALESLOL: lol
(173:34 / Allies) kirko-acigbum: ull see
(173:50 / Allies) kirko-acigbum: take me a minut though
(173:57 / Allies) DUCKTALESLOL: kotg tele down, give staff to warden, blink back down after giving to potm
(174:02 / Allies) kirko-acigbum: seee
(175:29 / Allies) kirko-acigbum: want dk down?
(175:33 / Allies) DUCKTALESLOL: yea
(175:36 / Allies) DUCKTALESLOL: lets get everyone down
(175:37 / Allies) DUCKTALESLOL: ftw.
(177:03 / Allies) DUCKTALESLOL: k
(177:12 / Allies) DUCKTALESLOL: i guess u can bring in everything now
(177:14 / Allies) DUCKTALESLOL: dotts
(177:19 / Allies) DUCKTALESLOL: in talon form tho
(177:21 / Allies) DUCKTALESLOL: ground
(177:24 / Allies) DUCKTALESLOL: cyclone the tanks
(177:35 / Allies) DUCKTALESLOL: o
(177:36 / Allies) DUCKTALESLOL: nvm
(177:38 / Allies) DUCKTALESLOL: its mechanical
(177:39 / Allies) DUCKTALESLOL: only
(177:43 / Allies) DUCKTALESLOL: non mech
(177:44 / Allies) DUCKTALESLOL: only
(177:51 / Allies) DUCKTALESLOL: cyclone the bears
(177:55 / Allies) DUCKTALESLOL: and the dk
(179:08 / Allies) kirko-acigbum: wiat for me
(179:11 / Allies) Lil.Timmy: k
(179:12 / Allies) DUCKTALESLOL: one more blade storm
(179:56 / Allies) kirko-acigbum: ill control air
(179:57 / Allies) kirko-acigbum: kk
(180:02 / Allies) DUCKTALESLOL: he's got it
(180:02 / Allies) DUCKTALESLOL: dude
(180:03 / Allies) Lil.Timmy: me?
(180:03 / Allies) kirko-acigbum: timmy
(180:06 / Allies) kirko-acigbum: u got urs
(180:08 / Allies) DUCKTALESLOL: gimme a sec
(180:13 / Allies) DUCKTALESLOL: ima be like 20 sec
(180:47 / Allies) DUCKTALESLOL: o wait
(180:51 / Allies) DUCKTALESLOL: bladestorm isn't up yet
(180:53 / Allies) DUCKTALESLOL: wait a lil
(180:55 / All) DUCKTALESLOL: so nerd
(180:58 / All) DUCKTALESLOL: any last words?
(181:20 / All) DUCKTALESLOL: just wondering cause you must feel like a genuine fucking idiot right now
(181:24 / All) DUCKTALESLOL: G
(181:25 / All) DUCKTALESLOL: F
(181:26 / All) DUCKTALESLOL: G
(181:32 / Allies) DUCKTALESLOL: 3
(181:33 / Allies) DUCKTALESLOL: 2
(181:35 / Allies) DUCKTALESLOL: 1
(181:36 / Allies) DUCKTALESLOL: go